 Dungeon Crawl Stone Soup version 0.30-a0-859-gf88a04b62d (webtiles) character file.

Game seed: 8114155131155612668

11487 Pimp the Protected (level 11, -4/103 HPs)
             Began as an Armataur Fighter on Mar 6, 2023.
             Was a High Priest of Okawaru.
             Slain by an ogre
             ... wielding a +0 giant club
             ... led by Lodul
              (24 damage)
             ... on level 12 of the Dungeon.
             The game lasted 00:22:50 (11287 turns).

Pimp the Protected (Armataur Fighter)              Turns: 11287, Time: 00:22:51

Health: -4/103     AC: 20    Str: 26    XL:     11   Next: 50%
Magic:  11/11      EV:  6    Int:  9    God:    Okawaru [*****.]
Gold:   799        SH:  0    Dex:  9    Spells: 10/10 levels left

rFire   + . .      SeeInvis .    a - +2 war axe (heavy)
rCold   . . .      Faith    .    o - orb {light}
rNeg    . . .      Spirit   .    u - +4 chain mail {rF+}
rPois   .          Reflect  .    f - +2 helmet
rElec   .          Roll     +    (no cloak)
rCorr   .          Rage     3%   n - +0 pair of gloves
Will    .....                    (no barding) Stlth
                                 (no amulet)
HPRegen 0.37/turn                (no ring)
MPRegen 0.12/turn                (no ring)

@: on berserk cooldown, slowed, glowing, very slow
A: large, rugged brown scales 3, deformed body, armoured tail, roll, long
tongue, awkward tongue, berserk 1
a: Renounce Religion, Heroism, Finesse, Duel


You were on level 12 of the Dungeon.
You worshipped Okawaru.
Okawaru was extremely pleased with you.
You visited 2 branches of the dungeon, and saw 13 of its levels.
You also visited: Ossuary and Bailey.

You collected 799 gold pieces.

Inventory:

Hand Weapons
 a - a +2 heavy war axe (weapon)
 s - a +3 hand axe
Missiles
 k - 3 silver javelins (quivered)
 G - 4 javelins
Armour
 c - a +0 buckler
 f - a +2 helmet (worn)
 g - the +4 scale mail "Sisteanitu" {Contam rPois Dex+4}
   (You found it on level 2 of the Dungeon)

   Dex:       It affects your dexterity (+4).
   rPois:     It protects you from poison.
   Contam:    It causes magical contamination when unequipped.
 n - a +0 pair of gloves (worn)
 o - an orb of light (worn)
 u - a +4 chain mail of fire resistance (worn)
 v - a +2 plate armour of cold resistance
Wands
 e - a wand of mindburst (2)
 r - a wand of paralysis (9)
 t - a wand of flame (14)
 w - a wand of acid (9)
 F - a wand of iceblast (3)
Scrolls
 b - a scroll of brand weapon
 h - 2 scrolls of amnesia
 i - a scroll of identify
 j - a scroll of teleportation
 y - 3 scrolls of magic mapping
 A - a scroll of fog
Potions
 d - a potion of might
 l - a potion of lignification
 p - 2 potions of curing
 x - a potion of brilliance
 z - 3 potions of flight
 B - 4 potions of magic
 C - a potion of resistance {unknown}
 D - a potion of mutation {unknown}


   Skills:
 + Level 9.0 Fighting
 + Level 8.0 Axes
 + Level 11.6 Armour
 + Level 10.7 Shields


You had 10 spell levels left.
You didn't know any spells.
Your spell library contained the following spells:

 Spells                   Type           Power      Damage    Failure   Level
 Sandblast                Erth           0%         2d4       87%         1
 Sting                    Tmut/Pois      0%         1d3       87%         1
 Passwall                 Tmut/Erth      0%         N/A       95%         2
 Poisonous Vapours        Pois/Air       0%         N/A       95%         2
 Dazzling Flash           Conj/Hex       0%         N/A       99%         3
 Hailstorm                Conj/Ice       0%         3d3       99%         3
 Stone Arrow              Conj/Erth      0%         3d7       99%         3
 Ice Form                 Ice/Tmut       0%         N/A       100%        4
 Olgreb's Toxic Radiance  Pois           0%         N/A       100%        4
 Orb of Destruction       Conj           0%         9d5       100%        7
 Storm Form               Tmut/Air       0%         N/A       100%        7
 Maxwell's Capacitive Co  Air            0%         ∞         100%        8
 Necromutation            Tmut/Necr      0%         N/A       100%        8
 Summon Small Mammal      Summ           Unusable   N/A       N/A         1
 Call Canine Familiar     Summ           Unusable   N/A       N/A         3
 Summon Guardian Golem    Hex/Summ       Unusable   N/A       N/A         3
 Summon Lightning Spire   Summ/Air       Unusable   N/A       N/A         4
 Summon Forest            Summ/Tloc      Unusable   N/A       N/A         5
 Summon Mana Viper        Hex/Summ       Unusable   N/A       N/A         5
 Simulacrum               Ice/Necr       Unusable   N/A       N/A         6
 Summon Cactus Giant      Summ           Unusable   N/A       N/A         6
 Spellforged Servitor     Conj/Summ      Unusable   N/A       N/A         7

Dungeon Overview and Level Annotations

Branches:
Dungeon (12/15)            Temple (1/1) D:6            Lair (0/5) D:10
    Orc (0/2) D:11        Ossuary (visited)          Bailey (visited)

Altars:
Ashenzari
Dithmenos
Elyvilon
Fedhas
Gozag
Hepliaklqana
Kikubaaqudgha
Makhleb
Nemelex Xobeh
Okawaru
Qazlal
Ru
Sif Muna
Trog
Uskayaw
Wu Jian
Xom
Yredelemnul
Zin
The Shining One

Shops:
D:2 ?

Portals:
Abyss: D:7

Annotations:
D:7 2 transporters, Tollund's ghost, novice HuNe
D:9 1 runed translucent door, Duck's ghost, journeyman MiBe
Temple 2 transporters


Innate Abilities, Weirdness & Mutations

You are completely covered in rugged brown scales. (AC +3, +7% HP)
Armour fits poorly on your strangely shaped body.
You have a long armoured tail.
You roll when moving toward enemies. (Rampage)
Your long tongue fully drains potion bottles. (2x potion effects)
Your tongue gives you trouble enunciating. (1.5x scroll delay)
You sometimes lose your temper in combat.


Message History

You slurp down every last drop of the potion of curing!
You feel better. The boulder beetle closely misses you.
The boulder beetle bites you but does no damage.
You slurp down every last drop of the potion of curing!
You feel better. The boulder beetle bites you!
Found 14 gold pieces.
The boulder beetle bites you.
The boulder beetle leaps!
There is a stone staircase leading down here.
You climb downwards.
The ogre shouts! x2; The white ugly thing gurgles horribly!
You hear a shout! x2
There is a stone staircase leading up here.
You slash the white ugly thing!
The white ugly thing is moderately wounded.
The white ugly thing headbutts you but does no damage. x2
You slash the white ugly thing! You tail-slap the white ugly thing.
The white ugly thing is heavily wounded.
The white ugly thing headbutts you! The white ugly thing freezes you!!
* * * LOW HITPOINT WARNING * * *
The white ugly thing barely misses you.
Okay, then.
You slurp down every last drop of the potion of curing!
You feel better.
The white ugly thing completely misses you.
The white ugly thing barely misses you.
You slice the ogre!!
You kill the ogre!
Okawaru accepts your kill.
You slash the white ugly thing! You slash the ogre!
The ogre hits you with a +0 giant club!
* * * LOW HITPOINT WARNING * * *
The white ugly thing closely misses you.
The white ugly thing completely misses you.
The ogre hits you with a +0 giant club.
* * * LOW HITPOINT WARNING * * *
Your Fighting skill increases to level 9!
You slurp down every last drop of the potion of curing!
You feel better.
The white ugly thing headbutts you but does no damage.
The ogre hits you with a +0 giant club!!
You die...

###############
.......u.......
.......@)......
........O......
###############


You could see a white ugly thing and an ogre.

Vanquished Creatures
  2 two-headed ogres
  A boulder beetle (D:10)
  A fire crab (D:10)
  Pikel (D:7)
  A cyclops (D:11)
  Joseph (D:7)
  Psyche (D:10)
  An unseen horror (D:11)
  Maggie (D:10)
  A troll (D:9)
  10 yaks
  3 wraiths
  A wyvern (D:10)
  A steam dragon (D:6)
  Edmund (D:6)
  A black bear (D:7)
  5 orc warriors
  3 ice beasts
  2 sky beasts (D:7)
  2 ogres
  12 kobold brigands
  An elf zombie (Ossuary)
  2 bullfrogs
  Blork the orc (D:4)
  3 gnoll sergeants
  2 scorpions
  9 wights
  9 howler monkeys
  2 centaur zombies (Ossuary)
  A jelly (D:7)
  2 gnoll boudas
  8 orc priests
  4 hounds
  Terence (D:3)
  An iguana (D:3)
  Natasha (twice) (D:3)
  9 orc wizards
  2 mummies (Ossuary)
  Robin (D:3)
  17 gnolls
  9 adders
  2 white imps
  2 ufetubi
  3 adder zombies (Ossuary)
  A worm (D:4)
  2 dart slugs
  28 orcs
  9 ball pythons
  8 bats
  2 bat skeletons (D:8)
  3 bat zombies (D:8)
  4 endoplasms
  A giant cockroach (D:2)
  18 goblins
  3 hobgoblins
  3 jackals (D:3)
  A quokka (D:1)
  2 frilled lizards
  4 goblin zombies (Ossuary)
  7 hobgoblin zombies (Ossuary)
  2 jackal zombies (Ossuary)
  34 kobolds
  8 kobold zombies (Ossuary)
  9 orc zombies (Ossuary)
  4 rats
298 creatures vanquished.

Vanquished Creatures (others)
  A steam dragon (D:10)
  A dart slug (D:2)
  A fungus (D:9)
  7 plants (D:9)
10 creatures vanquished.

Grand Total: 308 creatures vanquished

Notes
Turn   | Place    | Note
-------+----------+-------------------------------------------
     0 | D:1      | Pimp the Armataur Fighter began the quest for the Orb.
     0 | D:1      | Reached XP level 1. HP: 19/19 MP: 1/1
   351 | D:1      | Reached XP level 2. HP: 26/26 MP: 2/2
   702 | D:2      | Identified the +4 scale mail "Sisteanitu" {Contam rPois
                  | Dex+4}
   763 | D:2      | Found a faded altar of an unknown god.
   803 | D:2      | Reached skill level 4 in Armour
  1050 | D:2      | Reached XP level 3. HP: 33/33 MP: 3/3
  1280 | D:2      | Found The Oracle's Delphic Readings.
  1477 | D:3      | Noticed Robin
  1486 | D:3      | Killed Robin
  1626 | D:3      | Noticed Natasha
  1629 | D:3      | Killed Natasha
  1630 | D:3      | Reached XP level 4. HP: 40/40 MP: 4/4
  1930 | D:3      | Noticed Terence
  1934 | D:3      | Noticed Natasha
  1950 | D:3      | Killed Terence
  1954 | D:3      | Killed Natasha
  1955 | D:3      | Reached XP level 5. HP: 25/48 MP: 5/5
  2371 | D:4      | Noticed Blork the orc
  2377 | D:4      | Killed Blork the orc
  2378 | D:4      | Reached skill level 5 in Armour
  2392 | D:4      | Reached XP level 6. HP: 55/55 MP: 6/6
  2601 | D:4      | Reached skill level 5 in Shields
  2755 | D:4      | Reached XP level 7. HP: 55/63 MP: 7/7
  3424 | D:5      | Entered Level 5 of the Dungeon
  3580 | D:5      | Reached skill level 6 in Armour
  4105 | D:5      | Reached skill level 5 in Fighting
  4109 | D:5      | Reached XP level 8. HP: 33/72 MP: 8/8
  4619 | D:6      | Found a staircase to the Ecumenical Temple.
  4641 | Temple   | Entered the Ecumenical Temple
  4641 | Temple   | Found a transporter.
  4641 | Temple   | Found a transporter.
  4643 | Temple   | Found a transporter.
  4643 | Temple   | Found a transporter.
  4653 | Temple   | Became a worshipper of Warmaster Okawaru
  5084 | D:6      | Reached skill level 7 in Armour
  5216 | D:6      | Noticed Edmund
  5224 | D:6      | Killed Edmund
  5224 | D:6      | Reached * piety under Okawaru
  6114 | D:7      | Reached skill level 5 in Axes
  6161 | D:7      | Noticed Joseph
  6180 | D:7      | Killed Joseph
  6180 | D:7      | Reached ** piety under Okawaru
  6181 | D:7      | Reached skill level 8 in Armour
  6181 | D:7      | Reached XP level 9. HP: 41/80 MP: 9/9
  6211 | D:7      | Noticed Tollund's ghost (novice HuNe)
  6410 | D:7      | Found a transporter.
  6415 | D:7      | Found a transporter.
  6446 | D:7      | Noticed Pikel
  6450 | D:7      | Killed Pikel
  6460 | D:7      | Found a flagged portal.
  6469 | Bailey   | Entered a bailey
  6484 | Bailey   | Reached skill level 9 in Armour
  6487 | Bailey   | Reached *** piety under Okawaru
  6630 | Bailey   | Gained mutation: You sometimes lose your temper in combat.
                  | [mutagenic glow]
  6709 | Bailey   | Found a burning altar of Makhleb.
  6717 | Bailey   | Reached XP level 10. HP: 92/92 MP: 10/10
  6789 | Bailey   | Got Sif Muna's Guidebook on Doomed Obstruction
  7201 | D:7      | Found a one-way gate to the infinite horrors of the Abyss.
  7249 | D:8      | Found a sand-covered staircase.
  7258 | Ossuary  | Entered an ossuary
  7719 | D:8      | Reached **** piety under Okawaru
  8251 | D:8      | Found an ancient bone altar of Kikubaaqudgha.
  8464 | D:9      | Found a runed translucent door.
  8465 | D:9      | Noticed Duck's ghost (journeyman MiBe)
  8465 | D:9      | Identified the +7 trident "Xiesch" {flame, rC+ Stlth+}
  8588 | D:9      | Reached skill level 10 in Armour
  8637 | D:10     | Entered Level 10 of the Dungeon
  9536 | D:10     | Noticed a two-headed ogre
  9543 | D:10     | Killed a two-headed ogre
  9658 | D:10     | Noticed Psyche
  9671 | D:10     | Killed Psyche
  9848 | D:10     | Noticed a boulder beetle
  9848 | D:10     | Noticed Maggie
  9855 | D:10     | Noticed a fire crab
  9869 | D:10     | Reached skill level 10 in Shields
  9869 | D:10     | Reached XP level 11. HP: 74/101 MP: 11/11
  9873 | D:10     | Killed Maggie
  9875 | D:10     | Killed a fire crab
  9875 | D:10     | Reached ***** piety under Okawaru
  9876 | D:10     | Reached skill level 11 in Armour
  9886 | D:10     | Found an ornate altar of the Wu Jian Council.
  9900 | D:10     | Killed a boulder beetle
 10080 | D:10     | Found a hazy altar of Hepliaklqana.
 10175 | D:10     | Found a staircase to the Lair.
 10307 | D:10     | Found a broken altar of Ashenzari.
 10327 | D:10     | Found a burning altar of Makhleb.
 10614 | D:11     | Found a staircase to the Orcish Mines.
 11100 | D:11     | Noticed a two-headed ogre
 11105 | D:11     | Killed a two-headed ogre
 11243 | D:11     | Noticed a boulder beetle
 11282 | D:12     | Noticed a white ugly thing
 11287 | D:12     | Slain by an ogre

Illustrated notes

Levels and vault maps discovered:
D:1:      saegor_arrival_simple_b, layout_loops_ring
D:2:      layout_loops_ring, shapermc_ecumenical_altar_acropolis,
          chequers_hall_statues_corner_a,
          nicolae_concentric_dashed_squares_wild, nicolae_nh_oracle_at_delphi
D:3:      layout_basic, st_stairs_12, kennysheep_donut,
          corexii_leaking_fountain, uniq_terence, uniq_robin, uniq_natasha
D:4:      layout_basic, uniq_blork_the_orc
D:5:      layout_basic, grunt_decor_mini_mirrors
D:6:      layout_basic, minmay_temple_entry_slanted, uniq_edmund
D:7:      layout_loops_ring, gammafunk_ghost_abyssal_escape, enter_bailey_3,
          grunt_ministairs_2, glass_columns_c, uniq_pikel, uniq_joseph
D:8:      layout_gridville, kennysheep_vampire_church,
          nicolae_ossuary_entry_ruins, kennysheep_flooded_box, abandoned_shop,
          dk_vineyard_1
D:9:      layout_rooms, ebering_ghost_funeral_grove, minivault_27,
          chequers_serial_rivers_small_3, minmay_fountain_box
D:10:     layout_rooms, mainiacjoe_overflow_big_doors, jmf_multi_god_temple,
          minmay_lair_entry_lava, minmay_stone_trees_large, minivault_27,
          uniq_maggie, uniq_psyche
D:11:     hellmonk_ruined_rings, layout_irregular_city, orc_0_dummy,
          serial_shops, shop
D:12:     layout_long_grid, minmay_liquid_box, nicolae_stop_n_shop_2,
          minmay_misc_feat_plants, minivault_26, lightli_corner_chamber,
          uniq_lodul, uniq_josephine
Temple:   hellmonk_temple_divided_pantheon

Skill      XL: |  1  2  3  4  5  6  7  8  9 10 11 |
---------------+----------------------------------+-----
Fighting       | 3 4 5 6 7 8 9 |  9.0
Armour         | 4 5 6 8 9 10 11 | 11.6
Axes           | 2 3 4 5 6 7 8 |  8.0
Shields        | 4 5 6 7 8 10 | 10.7

Action                     |  1- 3 |  4- 6 |  7- 9 | 10-12 || total
---------------------------+-------+-------+-------+-------++-------
  Melee: War axe           |    80 |    95 |   207 |   204 ||   586
         Tailslap          |    12 |     8 |    30 |    39 ||    89
    Use: Scroll            |       |     2 |     9 |    10 ||    21
         Potion            |       |     1 |     4 |    11 ||    16
 Armour: Scale mail        |    57 |    57 |   186 |       ||   300
         Skin              |       |       |    18 |       ||    18
         Chain mail        |       |       |       |   200 ||   200
  Dodge: Dodged            |    34 |    33 |    97 |    89 ||   253
  Block: Buckler           |    24 |    26 |     8 |       ||    58

Table legend: (Time is in decaauts)
 A = Elapsed time spent in this place.
 B = Non-inter-level travel time spent in this place.
 C = Inter-level travel time spent in this place.
 D = Time resting spent in this place.
 E = Time spent auto-exploring this place.
 F = Levels seen in this place.
 G = Mean time per level.
                   A        B        C        D        E       F      G
               +--------+--------+--------+--------+--------+-----+--------+
         Total |  11667 |  11174 |    493 |   2261 |   6752 |  15 |  777.8 |
       Dungeon |  10997 |  10513 |    484 |   2048 |   6642 |  12 |  916.4 |
        Temple |     28 |     19 |      9 |      0 |      2 |   1 |   28.0 |
       Ossuary |    270 |    270 |      0 |     30 |     92 |   1 |  270.0 |
        Bailey |    371 |    371 |      0 |    182 |     16 |   1 |  371.0 |
               +--------+--------+--------+--------+--------+-----+--------+

Top non-repeatable levels by time:
    D:10: 1674 daAuts
     D:6: 1498 daAuts
     D:5: 1187 daAuts
     D:4: 1135 daAuts
     D:8: 935 daAuts
     D:3: 922 daAuts
     D:7: 817 daAuts
     D:1: 726 daAuts
     D:2: 721 daAuts
    D:11: 713 daAuts
     D:9: 654 daAuts
  Bailey: 371 daAuts
 Ossuary: 270 daAuts
  Temple: 28 daAuts
    D:12: 9 daAuts
